 Dungeon Crawl Stone Soup version 0.24-a0-271-ga0fc33f (webtiles) character file.

Game seed: 9545888495984248084

14832 mistymad the Prestidigitator (level 12, -10/91 HPs)
             Began as a Gnoll Artificer on Apr 23, 2019.
             Was a Believer of Wu Jian.
             Mangled by Snorg (18 damage)
             ... on level 10 of the Dungeon.
             The game lasted 00:54:29 (15812 turns).

mistymad the Prestidigitator (Gnoll Artificer)     Turns: 15812, Time: 00:54:30

Health: -10/91     AC: 14    Str: 19    XL:     12   Next: 20%
Magic:  13/22      EV: 16    Int: 13    God:    Wu Jian [**....]
Gold:   261        SH: 13    Dex: 20    Spells: 6/24 levels left

rFire    . . .     SeeInvis .   G - +2 falchion (flame)
rCold    . . .     Gourm    .   q - +0 shield
rNeg     . . .     Faith    .   L - +2 ring mail {MR+}
rPois    +         Spirit   .   p - +0 helmet
rElec    .         Reflect  +   D - +0 cloak
rCorr    .         Harm     .   w - +2 pair of gloves {archery}
MR       +....                  (no boots)
Stlth    +++.......             V - +2 amulet of reflection
HPRegen  0.25/turn              t - +3 ring of dexterity
MPRegen  0.18/turn              S - ring of poison resistance

@: very slightly contaminated
A: distributed training, fangs 1, strong nose
a: Wall Jump, Renounce Religion


You were on level 10 of the Dungeon.
You worshipped Wu Jian.
Wu Jian was pleased with you.
You were hungry.

You visited 2 branches of the dungeon, and saw 12 of its levels.

You collected 614 gold pieces.
You spent 353 gold pieces at shops.

Inventory:

Hand Weapons
 k - a +0 arbalest
 A - a +1 long sword of flaming
 G - a +2 falchion of flaming (weapon)
 Q - a +1 flail of pain
Missiles
 b - 22 poisoned needles
 m - 185 arrows
 u - 14 tomahawks (quivered)
 y - 20 bolts
 O - 7 curare-tipped needles
Armour
 p - a +0 helmet (worn)
 q - a +0 shield (worn)
 w - a +2 pair of gloves of archery (worn)
 D - a +0 cloak (worn)
 L - a +2 ring mail of magic resistance (worn)
Jewellery
 t - a +3 ring of dexterity (left hand)
 x - an uncursed ring of magical power
 S - a ring of poison resistance (right hand)
 V - a +2 amulet of reflection (around neck)
Wands
 c - a wand of flame (25)
 d - a wand of enslavement (15)
 e - a wand of random effects (26)
 s - a wand of scattershot (3)
 C - a wand of acid (2)
 F - a wand of disintegration (10)
 R - a wand of digging (6)
Scrolls
 i - 5 scrolls of remove curse
 j - 5 scrolls of teleportation
 o - 3 scrolls of magic mapping {unknown}
 r - a scroll of amnesia {unknown}
 I - a scroll of blinking {unknown}
 K - a scroll of summoning {unknown}
 M - a scroll of enchant armour {unknown}
 N - a scroll of fog
 P - a scroll of immolation
 U - a scroll of torment {unknown}
Potions
 a - 2 potions of curing
 g - 3 potions of lignification {!q}
 h - a potion of brilliance
 l - 2 potions of flight
 n - 4 potions of mutation {!q}
 v - 2 potions of agility
 z - a potion of invisibility
 B - a potion of cancellation
 E - 3 potions of ambrosia
 J - 2 potions of haste
 W - 2 potions of degeneration {unknown}
Miscellaneous
 T - a fan of gales
Comestibles
 f - 19 rations


   Skills:
 + Level 7.4 Fighting
 + Level 7.4 Short Blades
 + Level 6.9 Long Blades
 + Level 6.9 Axes
 + Level 6.9 Maces & Flails
 + Level 6.9 Polearms
 + Level 6.9 Staves
 + Level 6.9 Slings
 + Level 6.9 Bows
 + Level 6.9 Crossbows
 + Level 6.9 Throwing
 + Level 6.9 Armour
 + Level 8.4 Dodging
 + Level 7.4 Stealth
 + Level 6.9 Shields
 + Level 6.9 Unarmed Combat
 + Level 6.9 Spellcasting
 + Level 5.7 Conjurations
 + Level 5.7 Hexes
 + Level 5.7 Charms
 + Level 5.7 Summonings
 + Level 5.7 Necromancy
 + Level 5.7 Translocations
 + Level 5.7 Transmutations
 + Level 5.7 Fire Magic
 + Level 5.7 Ice Magic
 + Level 5.7 Air Magic
 + Level 5.7 Earth Magic
 + Level 5.7 Poison Magic
 + Level 7.6 Invocations
 + Level 9.6 Evocations


You had 6 spell levels left.
You knew the following spells:

 Your Spells              Type           Power        Failure   Level  Hunger
a - Regeneration          Chrm/Necr      ###.......   19%         3    ##.....
b - Spectral Weapon       Hex/Chrm       ###.....     19%         3    ##.....
c - Shroud of Golubria    Chrm/Tloc      ###.......   10%         2    #......
d - Infusion              Chrm           ###.         6%          1    None
e - Inner Flame           Hex/Fire       ###.....     19%         3    ##.....
f - Blink                 Tloc           N/A          10%         2    #......
g - Passage of Golubria   Tloc           N/A          54%         4    ####...

Your spell library contained the following spells:

 Spells                   Type           Power        Failure   Level  Hunger
 Confusing Touch          Hex            ###...       6%          1    None
 Flame Tongue             Conj/Fire      ###..        6%          1    None
 Song of Slaying          Chrm           ###.....     10%         2    #......
 Throw Flame              Conj/Fire      ###...       10%         2    #......
 Confuse                  Hex            ###.....     19%         3    ##.....
 Conjure Flame            Conj/Fire      ###.....     19%         3    ##.....
 Gell's Gravitas          Tloc           ###.......   19%         3    ##.....
 Lesser Beckoning         Tloc           ###.......   19%         3    ##.....
 Teleport Other           Tloc           ###.....     19%         3    ##.....
 Petrify                  Tmut/Erth      ###.....     54%         4    ####...
 Sticky Flame             Conj/Fire      ###.....     54%         4    ####...
 Fireball                 Conj/Fire      ###.......   87%         5    ######.
 Metabolic Englaciation   Hex/Ice        ###.......   87%         5    ######.
 Yara's Violent Unravell  Hex/Tmut       ###.......   87%         5    ######.


Dungeon Overview and Level Annotations

Branches:
Dungeon (11/15)            Temple (1/1) D:6
   Lair: D:8-11         Orc: D:9-12

Altars:
Ashenzari
Cheibriados
Dithmenos
Elyvilon
Fedhas
Gozag
Hepliaklqana
Kikubaaqudgha
Makhleb
Nemelex Xobeh
Okawaru
Qazlal
Ru
Sif Muna
Trog
Uskayaw
Vehumet
Wu Jian
Xom
Yredelemnul
Zin
The Shining One

Shops:
D:4 }[*

Annotations:
D:6 3 runed translucent doors, Borgoz's ghost, novice KoFi
D:9 1 runed translucent door, Nico3ck's ghost, novice DsGl
D:10 Snorg


Innate Abilities, Weirdness & Mutations

Your experience applies equally to all skills.
You have very sharp teeth.
Your uncanny sense of smell can sniff out nearby items.


Message History

Snorg completely misses you.
Your shroud bends Snorg's attack away!
You block Snorg's attack.
Your shroud unravels.
Snorg closely misses you.
You riposte.
You hit Snorg. You burn Snorg. Snorg claws you!
* * * LOW HITPOINT WARNING * * *
You block Snorg's attack.
You take 13 damage, and have 16/90 hp.
Snorg bites you!
* * * LOW HITPOINT WARNING * * *
Snorg claws you.
* * * LOW HITPOINT WARNING * * *
Snorg completely misses you.
You take 12 damage, and have 4/90 hp.
Okay, then.
Okay, then.
You feel better. You block Snorg's attack. Snorg barely misses you. x2
You regained 4 hp, and now have 8/91 hp.
Snorg bites you!!
You die...

# ##..## ##.. #
###.### ##..# #######
##..## #..#.
......### ##..##
##.... ........#
##..## ##.....
........##
##..###########.....#
.........##
###..#..........)###
..........#
#T...#######...##
..........# ##@####
#.#..## ..........#
##..# ####..#
#.........# ##..##
##.. ##........#
#..## ##.
#.....######.## #.
#...### ##.## ##
##..## ##..# #
###...# #..## #
...#..####.## #


You could see Snorg (berserk).

Vanquished Creatures
  2 hydras
  A centaur warrior (D:9)
  A death knight (D:9)
  6 two-headed ogres
  Psyche (D:9)
  A komodo dragon (D:10)
  A rime drake (shapeshifter) (D:9)
  A hippogriff (D:9)
  5 slime creatures
  2 dream sheep (D:8)
  6 yaks
  3 hungry ghosts
  Duvessa (D:6)
  A water moccasin (D:8)
  A sky beast (D:10)
  An eye of draining (D:8)
  3 orc warriors
  3 black bears
  An ice beast (D:8)
  2 necrophages (D:10)
  2 phantoms
  6 ogres
  4 centaurs
  3 big kobolds (D:8)
  2 gnoll sergeants
  7 bullfrogs
  Dowan (D:6)
  3 scorpions
  9 wights
  4 howler monkeys
  4 crimson imps
  A centaur zombie (D:10)
  2 jellies
  Crazy Yiuf (D:5)
  8 hounds
  An orc priest (D:7)
  2 bullfrog skeletons (D:4)
  2 centaur skeletons
  An iguana (D:6)
  3 orc wizards
  8 worker ants
  A hound skeleton (D:7)
  A worker ant zombie (D:7)
  9 gnolls
  15 adders
  A howler monkey skeleton (D:6)
  A shadow imp (D:8)
  2 oozes
  An adder zombie (D:6)
  2 worms
  A dart slug (D:3)
  4 leopard geckos
  16 orcs
  A ball python (D:5)
  10 bats
  7 giant cockroaches
  6 hobgoblins
  7 jackals
  5 quokkas
  5 frilled lizards
  4 goblins
  2 kobolds (D:2)
  A leopard gecko zombie (D:9)
  12 rats
  A butterfly (D:6)
232 creatures vanquished.

Vanquished Creatures (others)
  A fungus (D:9)
  4 plants (D:9)
  3 spectral weapons
8 creatures vanquished.

Grand Total: 240 creatures vanquished

Notes
Turn   | Place    | Note
-------+----------+-------------------------------------------
     0 | D:1      | mistymad the Gnoll Artificer began the quest for the Orb.
     0 | D:1      | Reached XP level 1. HP: 17/17 MP: 4/4
   116 | D:1      | Reached XP level 2. HP: 22/23 MP: 6/6
   659 | D:2      | Reached XP level 3. HP: 20/28 MP: 7/7
   972 | D:2      | Reached skill level 1 in Invocations
  1585 | D:2      | Reached skill level 1 in Long Blades
  1585 | D:2      | Reached skill level 1 in Axes
  1585 | D:2      | Reached skill level 1 in Maces & Flails
  1585 | D:2      | Reached skill level 1 in Polearms
  1585 | D:2      | Reached skill level 1 in Staves
  1585 | D:2      | Reached skill level 1 in Slings
  1585 | D:2      | Reached skill level 1 in Bows
  1585 | D:2      | Reached skill level 1 in Crossbows
  1585 | D:2      | Reached skill level 1 in Throwing
  1585 | D:2      | Reached skill level 1 in Armour
  1585 | D:2      | Reached skill level 1 in Shields
  1585 | D:2      | Reached skill level 1 in Unarmed Combat
  1585 | D:2      | Reached skill level 1 in Spellcasting
  1701 | D:3      | Reached XP level 4. HP: 27/34 MP: 8/8
  1833 | D:3      | Reached skill level 1 in Conjurations
  1833 | D:3      | Reached skill level 1 in Hexes
  1833 | D:3      | Reached skill level 1 in Charms
  1833 | D:3      | Reached skill level 1 in Summonings
  1833 | D:3      | Reached skill level 1 in Necromancy
  1833 | D:3      | Reached skill level 1 in Translocations
  1833 | D:3      | Reached skill level 1 in Transmutations
  1833 | D:3      | Reached skill level 1 in Fire Magic
  1833 | D:3      | Reached skill level 1 in Ice Magic
  1833 | D:3      | Reached skill level 1 in Air Magic
  1833 | D:3      | Reached skill level 1 in Earth Magic
  1833 | D:3      | Reached skill level 1 in Poison Magic
  1936 | D:3      | Reached XP level 5. HP: 21/40 MP: 9/9
  2461 | D:4      | Noticed an ogre
  2478 | D:4      | Killed an ogre
  2478 | D:4      | Reached XP level 6. HP: 36/47 MP: 11/11
  2639 | D:4      | Reached skill level 5 in Dodging
  2959 | D:4      | Found Wiupp's Assorted Antiques.
  2966 | D:4      | Found Emileihe's Antique Armour Boutique.
  2986 | D:4      | Bought a pair of embroidered gloves for 217 gold pieces
  3032 | D:4      | Reached XP level 7. HP: 35/52 MP: 12/12
  3402 | D:4      | Found Vojer's Gadget Boutique.
  3557 | D:4      | Reached skill level 7 in Evocations
  3886 | D:5      | Entered Level 5 of the Dungeon
  4274 | D:5      | Reached XP level 8. HP: 53/60 MP: 13/13
  4332 | D:5      | Found a runed translucent door.
  4333 | D:5      | Noticed Crazy Yiuf
  4372 | D:5      | Killed Crazy Yiuf
  4564 | D:4      | Bought a scroll labeled ASUVVITSAACH for 16 gold pieces
  4564 | D:4      | Bought 2 grey potions for 28 gold pieces
  4564 | D:4      | Bought a fizzy brown potion for 14 gold pieces
  4564 | D:4      | Bought a fizzy inky potion for 14 gold pieces
  4564 | D:4      | Bought a fluorescent wand for 64 gold pieces
  4643 | D:6      | Found a staircase to the Ecumenical Temple.
  4672 | Temple   | Entered the Ecumenical Temple
  5518 | D:6      | Noticed Duvessa
  5519 | D:6      | Noticed Dowan
  5523 | D:6      | Killed Duvessa
  5528 | D:6      | Killed Dowan
  5714 | D:6      | Found a runed translucent gate.
  5714 | D:6      | Found a runed translucent gate.
  5714 | D:6      | Found a runed translucent gate.
  5714 | D:6      | Noticed Borgoz's ghost (novice KoFi)
  5867 | D:6      | Found a burning altar of Makhleb.
  5906 | D:6      | Reached XP level 9. HP: 66/66 MP: 14/14
  6162 | Temple   | Became a worshipper of the Wu Jian Council
  6273 | D:8      | Found a snail-covered altar of Cheibriados.
  6273 | D:8      | Found a hazy altar of Hepliaklqana.
  6273 | D:8      | Found a blossoming altar of Fedhas.
  6273 | D:8      | Found an opulent altar of Gozag.
  6283 | D:8      | Found a sacrificial altar of Ru.
  6284 | D:8      | Found a shattered altar of Ashenzari.
  7434 | D:7      | Reached skill level 5 in Fighting
  7434 | D:7      | Reached skill level 5 in Short Blades
  7888 | D:8      | Learned a level 3 spell: Regeneration
  7892 | D:8      | Learned a level 3 spell: Spectral Weapon
  8398 | D:6      | Reached skill level 5 in Stealth
  8681 | D:6      | Reached skill level 8 in Evocations
  9138 | D:8      | Reached skill level 5 in Invocations
  9395 | D:7      | Reached XP level 10. HP: 43/74 MP: 17/17
  9936 | D:8      | Reached * piety under Wu Jian
  9941 | D:8      | Reached skill level 5 in Long Blades
  9941 | D:8      | Reached skill level 5 in Axes
  9941 | D:8      | Reached skill level 5 in Maces & Flails
  9941 | D:8      | Reached skill level 5 in Polearms
  9941 | D:8      | Reached skill level 5 in Staves
  9941 | D:8      | Reached skill level 5 in Slings
  9941 | D:8      | Reached skill level 5 in Bows
  9941 | D:8      | Reached skill level 5 in Crossbows
  9941 | D:8      | Reached skill level 5 in Throwing
  9941 | D:8      | Reached skill level 5 in Armour
  9941 | D:8      | Reached skill level 5 in Shields
  9941 | D:8      | Reached skill level 5 in Unarmed Combat
  9941 | D:8      | Reached skill level 5 in Spellcasting
 10239 | D:8      | Noticed a two-headed hydra
 10255 | D:8      | Killed a one-headed hydra
 10358 | D:8      | Noticed a two-headed ogre
 10378 | D:8      | HP: 2/76 [two-headed ogre/+0 giant spiked club (20)]
 10379 | D:8      | Killed a two-headed ogre
 10839 | D:8      | Found a snail-covered altar of Cheibriados.
 10840 | D:8      | Found an opulent altar of Gozag.
 10840 | D:8      | Found a sacrificial altar of Ru.
 10840 | D:8      | Found a shattered altar of Ashenzari.
 10841 | D:8      | Found a hazy altar of Hepliaklqana.
 10842 | D:8      | Found a blossoming altar of Fedhas.
 11283 | D:9      | Noticed a six-headed hydra
 11308 | D:9      | Killed a one-headed hydra
 11308 | D:9      | Reached XP level 11. HP: 53/83 MP: 19/19
 11492 | D:9      | Noticed a two-headed ogre
 11507 | D:9      | Killed a two-headed ogre
 11680 | D:9      | Noticed a two-headed ogre
 11680 | D:9      | Noticed a two-headed ogre
 11695 | D:9      | Reached skill level 9 in Evocations
 11720 | D:9      | Noticed a death knight
 11891 | D:8      | Killed a two-headed ogre
 11891 | D:8      | Reached skill level 5 in Conjurations
 11891 | D:8      | Reached skill level 5 in Hexes
 11891 | D:8      | Reached skill level 5 in Charms
 11891 | D:8      | Reached skill level 5 in Summonings
 11891 | D:8      | Reached skill level 5 in Necromancy
 11891 | D:8      | Reached skill level 5 in Translocations
 11891 | D:8      | Reached skill level 5 in Transmutations
 11891 | D:8      | Reached skill level 5 in Fire Magic
 11891 | D:8      | Reached skill level 5 in Ice Magic
 11891 | D:8      | Reached skill level 5 in Air Magic
 11891 | D:8      | Reached skill level 5 in Earth Magic
 11891 | D:8      | Reached skill level 5 in Poison Magic
 12054 | D:9      | Noticed a fire crab
 12118 | D:9      | Noticed Psyche
 12120 | D:9      | Found a shimmering altar of Xom.
 12123 | D:9      | Noticed a two-headed ogre
 12143 | D:8      | Killed a two-headed ogre
 12764 | D:9      | Killed a two-headed ogre
 13215 | D:9      | Killed Psyche
 13241 | D:9      | Found a runed translucent door.
 13249 | D:9      | Identified the +9 spear "Seclag" {pierce, *Noise rF+++}
 13251 | D:9      | Noticed Nico3ck's ghost (novice DsGl)
 13310 | D:9      | Killed a death knight
 13646 | D:9      | Learned a level 2 spell: Shroud of Golubria
 13648 | D:9      | Learned a level 1 spell: Infusion
 13652 | D:9      | Learned a level 3 spell: Inner Flame
 14094 | D:10     | Entered Level 10 of the Dungeon
 14094 | D:10     | Noticed a centaur warrior
 14118 | D:9      | Killed a centaur warrior
 14277 | D:10     | Reached ** piety under Wu Jian
 14344 | D:10     | Reached XP level 12. HP: 90/90 MP: 22/22
 14459 | D:10     | Learned a level 2 spell: Blink
 14464 | D:10     | Learned a level 4 spell: Passage of Golubria
 15117 | D:10     | Noticed a two-headed ogre
 15162 | D:10     | Killed a two-headed ogre
 15738 | D:11     | Noticed Snorg
 15810 | D:10     | HP: 4/90 [Snorg (2)]
 15812 | D:10     | Mangled by Snorg

Levels and vault maps discovered:
D:1:      dpeg_arrival_pond, layout_basic
D:2:      layout_basic, kennysheep_generic_room_13
D:3:      layout_basic
D:4:      layout_layer_cave, serial_shops, shop, shop, shop
D:5:      layout_cave_pools, first_ration, uniq_crazy_yiuf_cottage
D:6:      layout_loops_ring, minmay_temple_entry_butterflies,
          ebering_ghost_rock_garden, makhleb_heckhound_becter, uniq_duvessa
D:7:      layout_basic
D:8:      layout_rooms, grunt_temple_overflow_open, hangedman_ranch
          [blue_anna_fruit_fields]
D:9:      layout_cross, basic_altar, ebering_ghost_funeral_grove, uniq_psyche
D:10:     layout_cave_pods
D:11:     layout_roguey, dpeg_lair_monsters, uniq_snorg, uniq_urug
Temple:   nicolae_temple_elliptical

Skill      XL: |  1  2  3  4  5  6  7  8  9 10 11 |
---------------+----------------------------------+-----
Invocations    | 1 2 3 4 5 6 7 |  7.6
Long Blades    | 1 2 3 4 5 6 |  6.9
Axes           | 1 2 3 4 5 6 |  6.9
Maces & Flails | 1 2 3 4 5 6 |  6.9
Polearms       | 1 2 3 4 5 6 |  6.9
Staves         | 1 2 3 4 5 6 |  6.9
Slings         | 1 2 3 4 5 6 |  6.9
Bows           | 1 2 3 4 5 6 |  6.9
Crossbows      | 1 2 3 4 5 6 |  6.9
Throwing       | 1 2 3 4 5 6 |  6.9
Armour         | 1 2 3 4 5 6 |  6.9
Shields        | 1 2 3 4 5 6 |  6.9
Unarmed Combat | 1 2 3 4 5 6 |  6.9
Spellcasting   | 1 2 3 4 5 6 |  6.9
Conjurations   | 1 2 3 4 5 |  5.7
Hexes          | 1 2 3 4 5 |  5.7
Charms         | 1 2 3 4 5 |  5.7
Summonings     | 1 2 3 4 5 |  5.7
Necromancy     | 1 2 3 4 5 |  5.7
Translocations | 1 2 3 4 5 |  5.7
Transmutations | 1 2 3 4 5 |  5.7
Fire Magic     | 1 2 3 4 5 |  5.7
Ice Magic      | 1 2 3 4 5 |  5.7
Air Magic      | 1 2 3 4 5 |  5.7
Earth Magic    | 1 2 3 4 5 |  5.7
Poison Magic   | 1 2 3 4 5 |  5.7
Fighting       | 3 4 5 6 7 |  7.4
Short Blades   | 3 4 5 6 7 |  7.4
Stealth        | 3 4 5 6 7 |  7.4
Dodging        | 5 6 7 8 |  8.4
Evocations     | 7 8 9 |  9.6

Action                   |  1- 3 |  4- 6 |  7- 9 | 10-12 || total
-------------------------+-------+-------+-------+-------++-------
Melee: Short sword       |   116 |   158 |       |       ||   274
       Bite              |    17 |    29 |    54 |   111 ||   211
       Punch             |       |     1 |     1 |       ||     2
       Falchion          |       |     3 |    97 |   542 ||   642
       Quarterstaff      |       |       |   228 |       ||   228
       Unarmed           |       |       |     4 |       ||     4
       Long sword        |       |       |       |    50 ||    50
 Cast: Regeneration      |       |       |     3 |    17 ||    20
       Spectral Weapon   |       |       |     1 |     8 ||     9
       Shroud of Golubri |       |       |       |     9 ||     9
       Infusion          |       |       |       |     1 ||     1
Invok: Lunge             |       |       |     7 |    21 ||    28
       Whirlwind         |       |       |       |    42 ||    42
 Abil: Wall Jump         |       |       |       |     1 ||     1
Evoke: Wand              |       |       |     2 |     6 ||     8
  Use: Scroll            |       |       |    13 |     3 ||    16
       Potion            |       |       |       |     3 ||     3
 Stab: Sleeping          |     9 |     6 |    14 |     6 ||    35
       Paralysed         |       |       |     3 |       ||     3
       Distracted        |       |       |     2 |     2 ||     4
       Confused          |       |       |     1 |       ||     1
       Petrified         |       |       |     5 |       ||     5
       Petrifying        |       |       |     1 |       ||     1
  Eat: Chunk             |     2 |     3 |    14 |    23 ||    42
       Ration            |       |       |     3 |     1 ||     4
Armor: Leather armour    |    25 |    34 |    52 |       ||   111
       Ring mail         |       |       |    42 |   123 ||   165
       Skin              |       |       |       |     4 ||     4
Dodge: Dodged            |    82 |   132 |   254 |   268 ||   736
Block: Shield            |       |       |     7 |   354 ||   361
       Reflection        |       |       |       |     3 ||     3
       Rpst.: Falchion   |       |     1 |    20 |    59 ||    80
       Long sword        |       |       |       |     2 ||     2

Table legend:
 A = Non-vault XP
 B = Vault XP
 C = Vault XP percentage of total XP
 D = Non-vault monster count
 E = Vault monster count
 F = Vault count percentage of total count
                 A         B        C        D         E       F
            +---------+---------+-------+---------+---------+-------
      Total |   18329 |    2860 |  13.5 |     217 |      14 |   6.1
            +---------+---------+-------+---------+---------+-------
        D:1 |      27 |       0 |   0.0 |      14 |       0 |   0.0
        D:2 |      50 |       2 |   3.8 |      22 |       1 |   4.3
        D:3 |     119 |       0 |   0.0 |      23 |       0 |   0.0
        D:4 |     559 |       0 |   0.0 |      14 |       0 |   0.0
        D:5 |     460 |      42 |   8.4 |      15 |       1 |   6.2
        D:6 |    1461 |     268 |  15.5 |      26 |       3 |  10.3
        D:7 |    1813 |       0 |   0.0 |      24 |       0 |   0.0
        D:8 |    4195 |    2124 |  33.6 |      23 |       8 |  25.8
        D:9 |    6551 |     424 |   6.1 |      26 |       1 |   3.7
       D:10 |    3094 |       0 |   0.0 |      30 |       0 |   0.0
            +---------+---------+-------+---------+---------+-------
